 Dungeon Crawl Stone Soup version 0.27-a0-512-g57cc695410 (webtiles) character file.

Game seed: 4435392144214650066

372 tilp the Insei (level 6, -2/43 HPs)
             Began as an Octopode Transmuter on Mar 3, 2021.
             Killed by nerve-wracking pain
             ... invoked by an orc priest
              (13 damage)
             ... on level 4 of the Dungeon.
             The game lasted 00:06:58 (5455 turns).

tilp the Insei (Octopode Transmuter)                Turns: 5455, Time: 00:06:59

Health: -2/43      AC:  1    Str:  9    XL:     6   Next: 71%
Magic:  8/9        EV: 13    Int: 18    God:
Gold:   160        SH:  0    Dex: 12    Spells: 6/9 levels left

rFire    . . .     SeeInvis .     - Unarmed
rCold    . . .     Faith    .   (no shield)
rNeg     . . .     Spirit   .   (helmet currently unavailable)
rPois    .         Reflect  .   (no amulet)
rElec    .         Harm     .   (no ring)
rCorr    .         Rampage  .   (no ring)
Will     .....                  (no ring)
Stlth    +++.......             (no ring)
HPRegen  0.14/turn              (no ring)
MPRegen  0.11/turn              (no ring)
                                (no ring)
                                (no ring)

@: appendages (expiring)
A: almost no armour, stealthy swim, amphibious, 8 rings, constrict 8, tentacle
spike 3, camouflage 1, gelatinous body 1
a: End Transformation


You were on level 4 of the Dungeon.
One of your tentacles had a temporary spike.
You visited 1 branch of the dungeon, and saw 4 of its levels.

You collected 160 gold pieces.

Inventory:

Missiles
 a - 67 stones
 m - 7 boomerangs (quivered)
Armour
 q - a +2 kite shield
Jewellery
 r - a ring of ice
Wands
 g - a wand of flame (17)
Scrolls
 b - 2 scrolls of magic mapping
 c - a scroll of teleportation {unknown}
 e - a scroll of enchant armour
 h - 3 scrolls of enchant weapon
 j - a scroll of immolation {unknown}
 p - 2 scrolls of identify
Potions
 d - a potion of haste {unknown}
 f - 2 potions of brilliance
 i - a potion of curing
 k - a potion of heal wounds {unknown}
 l - a potion of ambrosia {unknown}
 n - a potion of berserk rage {unknown}
 o - a potion of cancellation {unknown}


   Skills:
 - Level 4.0 Fighting
 - Level 2.0 Dodging
 - Level 4.0 Stealth
 + Level 5.3 Unarmed Combat
 - Level 2.0 Spellcasting
 - Level 2.0 Transmutations


You had 6 spell levels left.
You knew the following spells:

 Your Spells              Type           Power        Failure   Level
a - Beastly Appendage     Tmut           18%          8%          1
b - Wereblood             Tmut           9%           12%         2

Your spell library contained the following spells:

 Spells                   Type           Power        Failure   Level
 Spider Form              Tmut/Pois      2%           34%         3
 Ice Form                 Ice/Tmut       5%           75%         4
 Blade Hands              Tmut           4%           91%         5


Dungeon Overview and Level Annotations

Branches:
Dungeon (4/15)
 Temple: D:4-7

Altars:
Ashenzari


Innate Abilities, Weirdness & Mutations

You cannot wear most types of armour.
You are very stealthy in the water. (Stealth+)
You are amphibious.
You can wear up to eight rings at the same time.
You can use your tentacles to constrict eight enemies at once.
Your skin changes colour to match your surroundings (Stealth+).
Your rubbery body absorbs attacks. (AC +1, EV +1)
One of your tentacles bears a large vicious spike.


Message History

Reactivating autopickup.
You feel a bit more experienced.
Items here: ) [[ †.
Your primal bloodlust is almost over.
There is a stone staircase leading down here.
Casting: Wereblood (safe; 12% risk of failure)
Confirm with . or Enter, or press ? or * to list all spells.
One of your tentacles grows a vicious spike.
You climb downwards.
There is a stone staircase leading up here.
The orc priest mumbles some strange prayers to Beogh against you.
Pain shoots through your body!
Things that are here:
a +0 dagger; an orc corpse Your primal bloodlust has ended.
The orc priest barely misses you.
You tentacle-slap the orc priest but do no damage.
You grab the orc priest.
Your transformation is almost over.
You constrict the orc priest.
The orc priest invokes the aid of Beogh against you.
Pain shoots through your body!
* * * LOW HITPOINT WARNING * * *
You tentacle-slap the orc priest but do no damage.
You pierce the orc priest, but do no damage.
You tentacle-slap the orc priest, but do no damage.
The orc priest is lightly wounded.
You constrict the orc priest. The orc priest closely misses you.
You tentacle-slap the orc priest.
You pierce the orc priest, but do no damage.
The orc priest is moderately wounded.
You constrict the orc priest. The orc priest misses you.
You tentacle-slap the orc priest.
Your tentacle spike misses the orc priest.
You squeeze the orc priest.
The orc priest is severely wounded.
You constrict the orc priest.
The orc priest invokes the aid of Beogh against you.
Pain shoots through your body!
You die...

...........# #.............
######.....# +.............
.....####### #.$...........
..........# #.............
..........# #.............
..........#######.............
...o......##....############+#
.....##...##.............
)....###'###..<)@o......o
.....##..................
......#..................
......#..................
......#.<[...............
#########################


You could see an orc priest.

Vanquished Creatures
  An ogre (D:4)
  A howler monkey (D:4)
  2 orc priests (D:4)
  2 orc wizards
  4 adders
  An ooze (D:1)
  6 worms
  A dart slug (D:1)
  4 leopard geckos
  10 orcs
  5 giant cockroaches
  7 hobgoblins
  3 jackals (D:4)
  2 quokkas
  2 ball pythons
  6 bats
  3 frilled lizards (D:2)
  5 goblins
  8 kobolds
  A leopard gecko skeleton (D:4)
  8 rats
82 creatures vanquished.

Notes
Turn   | Place    | Note
-------+----------+-------------------------------------------
     0 | D:1      | tilp the Octopode Transmuter began the quest for the Orb.
     0 | D:1      | Reached XP level 1. HP: 13/13 MP: 3/3
    68 | D:1      | Reached skill level 1 in Stealth
    82 | D:1      | Reached XP level 2. HP: 7/18 MP: 3/5
    85 | D:1      | Learned a level 2 spell: Wereblood
   685 | D:1      | Reached XP level 3. HP: 23/23 MP: 6/6
  1894 | D:2      | Reached XP level 4. HP: 26/29 MP: 3/7
  2375 | D:3      | Found a broken altar of Ashenzari.
  3369 | D:4      | Reached skill level 4 in Unarmed Combat
  3369 | D:4      | Reached XP level 5. HP: 16/35 MP: 5/8
  4342 | D:4      | Reached XP level 6. HP: 42/42 MP: 7/9
  4499 | D:4      | Reached skill level 5 in Unarmed Combat
  5455 | D:4      | Killed from afar by an orc priest

Illustrated notes

Levels and vault maps discovered:
D:1:      lightli_arrival_flooded_house, layout_basic
D:2:      layout_rooms
D:3:      layout_loops_ring, evilmike_ruin_ashenzari
D:4:      layout_gridville

Skill      XL: |  1  2  3  4  5  6 |
---------------+-------------------+-----
Stealth        | 2 3 4 |  4.0
Fighting       | 2 3 4 |  4.0
Unarmed Combat | 4 5 |  5.3
Dodging        | |  2.0
Spellcasting   | |  2.0
Transmutations | |  2.0

Action                   |  1- 3 |  4- 6 || total
-------------------------+-------+-------++-------
Melee: Unarmed           |    88 |   139 ||   227
       Constrict         |    27 |    31 ||    58
       Tentacles         |    10 |    24 ||    34
       Kick              |    13 |    22 ||    35
       Punch             |     1 |     4 ||     5
Throw: Stone             |     2 |     6 ||     8
       Boomerang         |       |     5 ||     5
 Cast: Beastly Appendage |     6 |    17 ||    23
       Wereblood         |     4 |     7 ||    11
  Use: Scroll            |       |     6 ||     6
       Potion            |       |     2 ||     2
 Stab: Sleeping          |     6 |     8 ||    14
Armor: Skin              |    14 |     5 ||    19
Dodge: Dodged            |    62 |    54 ||   116

Table legend: (Time is in decaauts)
 A = Elapsed time spent in this place.
 B = Non-inter-level travel time spent in this place.
 C = Inter-level travel time spent in this place.
 D = Time resting spent in this place.
 E = Time spent auto-exploring this place.
 F = Levels seen in this place.
 G = Mean time per level.
                   A        B        C        D        E       F      G
               +--------+--------+--------+--------+--------+-----+--------+
         Total |   5443 |   5395 |     48 |   1761 |   2941 |   4 | 1360.8 |
       Dungeon |   5443 |   5395 |     48 |   1761 |   2941 |   4 | 1360.8 |
               +--------+--------+--------+--------+--------+-----+--------+

Top non-repeatable levels by time:
     D:4: 1879 daAuts
     D:1: 1344 daAuts
     D:3: 1265 daAuts
     D:2: 952 daAuts
